 Dungeon Crawl Stone Soup version 0.19-a0-1587-gaef70b6 (webtiles) character file.

734 st0uf the Magician (level 7, 0/36 HPs)
             Began as a Gargoyle Earth Elementalist on Sept 16, 2016.
             Slain by a black bear (1 damage)
             ... on level 4 of the Dungeon.
             The game lasted 00:23:37 (4766 turns).

st0uf the Magician (Gargoyle Earth Elementalist)    Turns: 4766, Time: 00:23:37

Health: 0/36       AC:  9    Str: 12    XL:     7   Next: 74%
Magic:  13/16      EV: 12    Int: 17    God:
Gold:   189        SH:  0    Dex: 10    Spells: 2 memorised, 14 levels left

rFire  . . .     SeeInvis .     b - 132 stones
rCold  . . .     Gourm    .     c - +0 robe
rNeg   + . .     Faith    .     (no shield)
rPois  ∞         Spirit   .     (no helmet)
rElec  +         Dismiss  .     (no cloak)
rCorr  .         Reflect  .     (no gloves)
MR     .....     Harm     .     E - +2 pair of boots
Stlth  ++........               (no amulet)
                                (no ring)
                                (no ring)

@: very slightly contaminated
A: negative energy resistance 1, electricity resistance, unbreathing,
petrification resistance, rot immunity, AC +4
a: no special abilities


You were on level 4 of the Dungeon.
You were not hungry.

You visited 1 branch of the dungeon, and saw 6 of its levels.

You collected 189 gold pieces.

Inventory:

Hand Weapons
 y - a +1 mace of holy wrath
 z - a +2 trident of venom
Missiles
 b - 132 stones (in hand)
Armour
 c - a +0 robe (worn)
 E - a +2 pair of boots (worn)
Jewellery
 p - an uncursed ring of ice
 A - an uncursed ring of ice
 F - an uncursed ring of protection from fire {unknown}
Wands
 m - a wand of polymorph (7/24)
 s - a wand of random effects (27/48)
 G - a wand of random effects (21/48)
Scrolls
 a - 6 scrolls of remove curse {unknown}
 f - 3 scrolls of identify {unknown}
 j - a scroll of noise {unknown}
 k - 2 scrolls of enchant armour {unknown}
 l - 2 scrolls of immolation {unknown}
 n - 3 scrolls of amnesia {unknown}
 o - 2 scrolls of teleportation {unknown}
 v - a scroll of random uselessness {unknown}
 w - a scroll of blinking {unknown}
 I - a scroll of fear {unknown}
Potions
 g - a potion of might {unknown}
 h - a potion of berserk rage {unknown}
 i - 3 potions of curing {unknown}
 q - 2 potions of degeneration {unknown}
 r - 2 potions of heal wounds {unknown}
 t - a potion of haste {unknown}
 u - a potion of beneficial mutation {unknown}
 x - 2 potions of flight {unknown}
Books
 e - a book of Geomancy

   Spells                             Type                      Level
   a - Sandblast                      Earth                        1
   b - Passwall                       Transmutation/Earth          2
   c - Stone Arrow                    Conjuration/Earth            3
   d - Petrify                        Transmutation/Earth          4
   e - Lee's Rapid Deconstruction     Earth                        5
Comestibles
 d - 2 bread rations
 B - a meat ration
 C - 26 fruits
 D - a slice of pizza


   Skills:
 - Level 1.5 Dodging
 - Level 2.1 Stealth
 * Level 6.2 Spellcasting
 + Level 3.2 Conjurations
   Level 0.7 Transmutations
 + Level 6.0 Earth Magic


You had 14 spell levels left.
You knew the following spells:

 Your Spells              Type           Power        Failure   Level  Hunger
a - Sandblast             Erth           ####..       1%          1    None
b - Stone Arrow           Conj/Erth      ###...       8%          3    ##.....


Dungeon Overview and Level Annotations

Branches:
Dungeon (6/15)
 Temple: D:4-7

Altars:
Fedhas
Trog

Shops:
D:6 [


Innate Abilities, Weirdness & Mutations

You are resistant to torment.
Your stone body is resilient. (AC +4)
You are immune to poison.
You resist negative energy. (rN+)
You are resistant to electric shocks. (rElec)
You can survive without breathing.
You are immune to petrification.
You are immune to rotting.


Message History

Confirm with . or Enter, or press ? or * to list all spells.
Aiming: Sandblast
Press: ? - help, Shift-Dir - straight line, f/p - black bear
Aim: a black bear (moderately wounded)
You miscast Sandblast.
You are very lightly contaminated with residual magic.
Nothing appears to happen.
The black bear bites you but does no damage.
The black bear misses you. The black bear claws you.
* * * LOW HITPOINT WARNING * * *
Unknown command.
Casting: Sandblast
Confirm with . or Enter, or press ? or * to list all spells.
Aiming: Sandblast
Press: ? - help, Shift-Dir - straight line, f/p - black bear
Aim: a black bear (moderately wounded)
The rocky blast hits the black bear.
The black bear is heavily wounded.
The black bear bites you.
You die...

#.....###.#....# #....
##.#.####.#....###....
#.#.............)....
#.######.##..........
#.#......##.####.#.##
#.#.#######.## #.#.#
#.#<.........# #.#.#
#.#..#.####..###.#.##
#.#.@................
#.#h...........(.....
#.#.......#..###.#.##
#.#.......#..###.#.##
#.#########.........#
#......#####'####...#
########≈≈≈≈≈≈≈≈#...#
#≈......≈#...'
#≈......≈#...#


You could see a black bear.

Vanquished Creatures
  2 ogres (D:4)
  A scorpion (D:5)
  A crimson imp (D:5)
  2 howler monkeys
  2 orc priests
  Ijyb (D:2)
  An iguana (D:5)
  3 orc wizards
  7 adders
  4 worms
  4 dart slugs
  5 leopard geckos
  20 orcs
  2 ball pythons (D:3)
  8 bats
  5 giant cockroaches
  7 goblins
  10 hobgoblins
  5 jackals (D:1)
  6 quokkas
  2 frilled lizards
  A jackal skeleton (D:4)
  14 kobolds
  A leopard gecko skeleton (D:4)
  A quokka skeleton (D:4)
  7 rats
122 creatures vanquished.

Notes
Turn   | Place    | Note
-------+----------+-------------------------------------------
     0 | D:1      | st0uf the Gargoyle Earth Elementalist began the quest for the Orb.
     0 | D:1      | Reached XP level 1. HP: 10/10 MP: 3/3
   244 | D:1      | Reached XP level 2. HP: 10/15 MP: 3/5
  1068 | D:2      | Reached XP level 3. HP: 17/19 MP: 4/7
  1366 | D:2      | Noticed Ijyb
  1458 | D:2      | Reached XP level 4. HP: 20/24 MP: 7/9
  1485 | D:2      | Killed Ijyb
  1731 | D:2      | Learned a level 3 spell: Stone Arrow
  2087 | D:3      | Reached XP level 5. HP: 27/28 MP: 6/11
  2239 | D:3      | Found a blossoming altar of Fedhas.
  2952 | D:3      | Reached skill level 5 in Earth Magic
  2952 | D:3      | Reached XP level 6. HP: 26/32 MP: 4/13
  2984 | D:3      | Reached skill level 1 in Conjurations
  3281 | D:4      | Reached skill level 5 in Spellcasting
  3662 | D:4      | Reached XP level 7. HP: 36/36 MP: 15/15
  4129 | D:4      | Found a bloodstained altar of Trog.
  4250 | D:5      | Entered Level 5 of the Dungeon
  4651 | D:6      | Found Igrufy's Antique Armour Emporium.
  4765 | D:4      | HP: 1/36 [black bear (4)]
  4766 | D:4      | Slain by a black bear

Vault maps used:
D:1:      dpeg_arrival_pits, minivault_5
D:2:      uniq_iyjb
D:3:      fedhas_altar_1
D:4:      dk_vineyard_1, trog_hazing_becter
D:5:      first_bread
D:6:      serial_shops, nicolae_shop_overgrown_old_shop, uniq_blork_the_orc

Skill      XL: |  1  2  3  4  5  6  7 |
---------------+----------------------+-----
Spellcasting   | 3 4 5 6 |  6.2
Earth Magic    | 4 5 6 |  6.0
Conjurations   | 2 3 |  3.2
Dodging        | |  1.5
Stealth        | |  2.1
Transmutations | |  0.7

Action                   |  1- 3 |  4- 6 |  7- 9 || total
-------------------------+-------+-------+-------++-------
Melee: Unarmed           |    56 |     5 |       ||    61
       Mace              |       |    14 |       ||    14
       Trident           |       |    27 |    53 ||    80
 Cast: Sandblast         |    55 |   155 |     5 ||   215
 Stab: Sleeping          |       |     1 |     2 ||     3
  Eat: Chunk             |     2 |     7 |     3 ||    12
Armor: Robe              |    28 |    30 |    24 ||    82
Dodge: Dodged            |    71 |    75 |    36 ||   182
